 Dungeon Crawl Stone Soup version 0.31-a0-162-gc4c5a43528 (webtiles) character file.

Game seed: 2434700655083186728

531 qw the Shooter (level 7, 0/64 HPs)
             Began as a Naga Hunter on June 12, 2023.
             Slain by an ice beast (14 damage)
             ... on level 5 of the Dungeon.
             The game lasted 00:01:37 (3576 turns).

qw the Shooter (Naga Hunter)                        Turns: 3576, Time: 00:01:37

Health: 0/64       AC:  8    Str: 12    XL:     7   Next: 24%
Magic:  7/7        EV:  9    Int: 13    God:
Gold:   290        SH:  0    Dex: 16    Spells: 6/6 levels left

rFire   . . .        Y - +0 shortbow
rCold   . . .        (shield currently unavailable)
rNeg    . . .        c - +0 leather armour
rPois   +            p - +2 hat
rElec   .            (no cloak)
rCorr   .            n - +0 pair of gloves
SInv    +            (no barding)
Will    .....        (no amulet)
Stlth   ++           f - ring of protection from cold
HPRegen 0.30/turn    (no ring)
MPRegen 0.10/turn

%: clarity
@: very slow
A: AC +2, large, see invisible, deformed body, poison resistance, slowness 2,
spit poison 1, naga tail 1, iridescent scales 1, clarity, clever 1, cold
vulnerability 1
a: Spit Poison


You were on level 5 of the Dungeon.
You visited 1 branch of the dungeon, and saw 5 of its levels.

You collected 290 gold pieces.


Innate Abilities, Weirdness & Mutations

Your serpentine skin is tough. (AC +2)
You have supernaturally acute eyesight. (SInv)
Armour fits poorly on your strangely shaped body.
Your system is resistant to poisons. (rPois)
You cover ground very slowly.
You can spit poison.
You have a snake-like lower body.
You are partially covered in iridescent scales. (AC +2)
You possess an exceptional clarity of mind.
Your mind is acute. (Int +4, Str/Dex -1)
You are vulnerable to cold. (rC-)


   Skills:
 - Level 4.2 Fighting
 + Level 6.9 Ranged Weapons
 - Level 1.5 Dodging
 - Level 1.5 Stealth


You had 6 spell levels left.
You didn't know any spells.
Your spell library was empty.

Inventory:

Hand Weapons
 Y - a +0 shortbow (weapon)
Armour
 c - a +0 leather armour (worn)
 n - a +0 pair of gloves (worn)
 p - a +2 hat (worn)
Jewellery
 f - a ring of protection from cold (left hand)
Scrolls
 b - a scroll of teleportation
Potions
 a - a potion of magic {unknown}
 e - a potion of mutation
 g - a potion of resistance {unknown}
 h - a potion of cancellation {unknown}
 i - a potion of haste {unknown}
 j - a potion of heal wounds {unknown}
 k - a potion of degeneration {unknown}
 o - a potion of ambrosia {unknown}

Dungeon Overview and Level Annotations

Branches:
Dungeon (5/15)
 Temple: D:4-7

Altars:
Dithmenos
Nemelex Xobeh
Trog
Xom

Annotations:
D:2 1 runed translucent door, Crazy Yiuf


Message History

The quokka bites you but does no damage. x2
The ice beast hits you but does no damage.
3567 ||| INVOKING Spit Poison.
Aiming: Spit Poison (1% risk of failure)
Press: ? - help, Shift-Dir - straight line, f - quokka, p - ice beast The splash of poison hits the quokka!
The quokka is poisoned.
You kill the quokka!
The ice beast hits you. The ice beast freezes you!
You shoot an arrow. The arrow hits the ice beast.
The ice beast is moderately wounded.
The ice beast hits you but does no damage.
You shoot an arrow.
The arrow hits the ice beast but does no damage.
The ice beast is moderately wounded.
The ice beast hits you but does no damage.
You shoot an arrow.
The arrow hits the ice beast but does no damage.
The ice beast is moderately wounded.
The ice beast barely misses you.
You shoot an arrow. The arrow barely misses the ice beast.
The ice beast hits you but does no damage.
You shoot an arrow. The arrow hits the ice beast.
The ice beast is heavily wounded.
You have got your breath back.
The ice beast hits you. The ice beast freezes you!
You shoot an arrow. The arrow hits the ice beast!
The ice beast is severely wounded.
The ice beast barely misses you.
The ice beast hits you but does no damage.
You shoot an arrow. The arrow barely misses the ice beast.
The ice beast closely misses you.
You shoot an arrow.
The arrow hits the ice beast but does no damage.
The ice beast is severely wounded.
The ice beast hits you but does no damage.
You shoot an arrow.
The arrow hits the ice beast but does no damage.
The ice beast is severely wounded.
The ice beast hits you. The ice beast freezes you!
You die...

##.........#
#..........#
#..........#
#......<...##
#......##...###.
###....<........
##.#....#....
#.###.## ### #.
#.@# #....#Y#
.....## ...
...## ..... ..
.....# . ..##..#
... ..# ... ##


You could see an ice beast.

Vanquished Creatures
  A phantom (D:3)
  3 orc priests
  2 hounds
  An iguana (D:5)
  2 orc wizards (D:3)
  Natasha (thrice) (D:3)
  Robin (D:3)
  2 adders
  A worm (D:4)
  3 dart slugs
  13 orcs
  6 ball pythons
  7 bats
  9 endoplasms
  5 giant cockroaches
  16 goblins
  11 hobgoblins
  13 kobolds
  3 quokkas
  2 frilled lizards (D:1)
  4 rats
108 creatures vanquished.

Notes
Turn   | Place    | Note
-------+----------+-------------------------------------------
     0 | D:1      | qw the Naga Hunter began the quest for the Orb.
     0 | D:1      | Reached XP level 1. HP: 19/19 MP: 1/1
     0 | D:1      | 0 ||| qw: Version: 0.2-a-29-gc1b59c4
     0 | D:1      | 0 ||| qw: Game counter: 4346
     0 | D:1      | 0 ||| qw: Always use a shield: true
     0 | D:1      | 0 ||| qw: God list: Okawaru
     0 | D:1      | 0 ||| qw: Allow faded altars: false
     0 | D:1      | 0 ||| qw: Do Orc after D:15 true
     0 | D:1      | 0 ||| qw: Do second Lair branch before Depths: true
     0 | D:1      | 0 ||| qw: Lair rune preference: random
     0 | D:1      | 0 ||| qw: Plans: Normal
     0 | D:1      | 0 ||| PLANNING D:1-11
    29 | D:1      | 29 ||| INVOKING Spit Poison.
    34 | D:1      | 34 ||| INVOKING Spit Poison.
    41 | D:1      | 41 ||| INVOKING Spit Poison.
    70 | D:1      | 70 ||| INVOKING Spit Poison.
    75 | D:1      | Reached skill level 4 in Ranged Weapons
    75 | D:1      | Reached XP level 2. HP: 26/26 MP: 2/2
    79 | D:1      | 79 ||| INVOKING Spit Poison.
    80 | D:1      | 80 ||| INVOKING Spit Poison.
    87 | D:1      | 87 ||| INVOKING Spit Poison.
   105 | D:1      | 105 ||| INVOKING Spit Poison.
   133 | D:1      | 133 ||| INVOKING Spit Poison.
   139 | D:1      | 139 ||| INVOKING Spit Poison.
   157 | D:1      | 157 ||| INVOKING Spit Poison.
   221 | D:1      | 221 ||| INVOKING Spit Poison.
   227 | D:1      | Reached XP level 3. HP: 32/32 MP: 3/3
   227 | D:1      | 227 ||| INVOKING Spit Poison.
   234 | D:1      | 234 ||| INVOKING Spit Poison.
   235 | D:1      | 235 ||| INVOKING Spit Poison.
   362 | D:1      | 362 ||| INVOKING Spit Poison.
   411 | D:1      | 411 ||| INVOKING Spit Poison.
   475 | D:1      | Found a faded altar of an unknown god.
   577 | D:1      | 577 ||| UPGRADING to ring of protection from cold.
   578 | D:1      | 578 ||| READING scroll labelled XITUONI YCKA.
   579 | D:1      | 579 ||| DRINKING 2 murky dark potions.
   579 | D:1      | Gained mutation: You are partially covered in iridescent
                  | scales. (AC +2) [potion of mutation]
   579 | D:1      | Gained mutation: You are vulnerable to cold. (rC-) [potion
                  | of mutation]
   579 | D:1      | Gained mutation: Your mind is acute. (Int +4, Str/Dex -1)
                  | [potion of mutation]
   579 | D:1      | Gained mutation: You possess an exceptional clarity of
                  | mind. [potion of mutation]
   580 | D:1      | 580 ||| DROPPING scroll of butterflies.
   609 | D:2      | 609 ||| INVOKING Spit Poison.
   614 | D:2      | 614 ||| INVOKING Spit Poison.
   625 | D:2      | 625 ||| INVOKING Spit Poison.
   635 | D:2      | 635 ||| INVOKING Spit Poison.
   641 | D:2      | 641 ||| INVOKING Spit Poison.
   661 | D:2      | 661 ||| INVOKING Spit Poison.
   667 | D:2      | 667 ||| INVOKING Spit Poison.
   670 | D:2      | 670 ||| INVOKING Spit Poison.
   781 | D:2      | 781 ||| INVOKING Spit Poison.
   809 | D:2      | 809 ||| INVOKING Spit Poison.
   815 | D:2      | Found a shadowy altar of Dithmenos.
   836 | D:2      | 836 ||| INVOKING Spit Poison.
   842 | D:2      | 842 ||| INVOKING Spit Poison.
   846 | D:2      | 846 ||| INVOKING Spit Poison.
   848 | D:2      | Reached skill level 5 in Ranged Weapons
   848 | D:2      | Reached XP level 4. HP: 36/39 MP: 4/4
   852 | D:2      | 852 ||| INVOKING Spit Poison.
   940 | D:2      | 940 ||| INVOKING Spit Poison.
   965 | D:2      | 965 ||| INVOKING Spit Poison.
   971 | D:2      | 971 ||| INVOKING Spit Poison.
   992 | D:2      | 992 ||| INVOKING Spit Poison.
  1016 | D:2      | 1016 ||| INVOKING Spit Poison.
  1030 | D:2      | 1030 ||| INVOKING Spit Poison.
  1035 | D:2      | 1035 ||| INVOKING Spit Poison.
  1168 | D:2      | 1168 ||| INVOKING Spit Poison.
  1273 | D:2      | 1273 ||| INVOKING Spit Poison.
  1276 | D:2      | 1276 ||| INVOKING Spit Poison.
  1400 | D:2      | Found a runed translucent door.
  1401 | D:2      | Noticed Crazy Yiuf
  1445 | D:2      | 1445 ||| INVOKING Spit Poison.
  1621 | D:2      | 1621 ||| UPGRADING to +0 pair of gloves.
  1626 | D:2      | 1626 ||| READING 2 scrolls labelled LUNNUEPRANGI.
  1627 | D:2      | 1627 ||| READING scroll labelled PATSEF GUKHLAI.
  1628 | D:2      | 1628 ||| READING scroll labelled BIAF GOLESYFF.
  1629 | D:2      | 1629 ||| READING scroll labelled YLUUSE SEIRU.
  1713 | D:2      | 1713 ||| DRINKING 2 sedimented coppery potions.
  1714 | D:2      | 1714 ||| DRINKING 2 lumpy yellow potions.
  1748 | D:2      | 1748 ||| DROPPING scroll of amnesia.
  1749 | D:2      | 1749 ||| DROPPING potion of brilliance.
  1750 | D:2      | 1750 ||| DROPPING potion of lignification.
  1813 | D:3      | Noticed Natasha
  1815 | D:3      | 1815 ||| INVOKING Spit Poison.
  1819 | D:3      | 1819 ||| INVOKING Spit Poison.
  1821 | D:3      | Killed Natasha
  1822 | D:3      | Reached skill level 3 in Fighting
  1823 | D:3      | 1823 ||| INVOKING Spit Poison.
  1827 | D:3      | Reached XP level 5. HP: 46/49 MP: 5/5
  1827 | D:3      | 1827 ||| INVOKING Spit Poison.
  1895 | D:3      | 1895 ||| INVOKING Spit Poison.
  1901 | D:3      | 1901 ||| INVOKING Spit Poison.
  1906 | D:3      | 1906 ||| INVOKING Spit Poison.
  1909 | D:3      | 1909 ||| INVOKING Spit Poison.
  1915 | D:3      | 1915 ||| INVOKING Spit Poison.
  2024 | D:3      | 2024 ||| INVOKING Spit Poison.
  2030 | D:3      | 2030 ||| INVOKING Spit Poison.
  2049 | D:3      | Noticed Natasha
  2054 | D:3      | 2054 ||| INVOKING Spit Poison.
  2059 | D:3      | Killed Natasha
  2060 | D:3      | Reached skill level 6 in Ranged Weapons
  2060 | D:3      | Reached XP level 6. HP: 32/56 MP: 6/6
  2074 | D:3      | Noticed Natasha
  2088 | D:3      | Killed Natasha
  2312 | D:3      | 2312 ||| INVOKING Spit Poison.
  2529 | D:3      | 2529 ||| Stepping ~*~*~tactically~*~*~ (outnumbered).
  2530 | D:3      | Noticed Robin
  2531 | D:3      | 2531 ||| Stepping ~*~*~tactically~*~*~ (outnumbered).
  2532 | D:3      | 2532 ||| INVOKING Spit Poison.
  2535 | D:3      | 2535 ||| INVOKING Spit Poison.
  2542 | D:3      | 2542 ||| INVOKING Spit Poison.
  2549 | D:3      | 2549 ||| INVOKING Spit Poison.
  2549 | D:3      | Killed Robin
  2556 | D:3      | 2556 ||| INVOKING Spit Poison.
  2762 | D:3      | Found a sparkling altar of Nemelex Xobeh.
  2795 | D:3      | Found a bloodstained altar of Trog.
  2796 | D:3      | Found a shimmering altar of Xom.
  2874 | D:3      | 2874 ||| UPGRADING to +0 helmet.
  2879 | D:3      | 2879 ||| READING scroll labelled IMOEFR ACIL.
  2892 | D:3      | 2892 ||| INVOKING Spit Poison.
  2895 | D:3      | 2895 ||| INVOKING Spit Poison.
  2910 | D:4      | 2910 ||| STAIRDANCE
  2914 | D:4      | 2914 ||| STAIRDANCE
  2918 | D:4      | 2918 ||| STAIRDANCE
  2922 | D:4      | 2922 ||| STAIRDANCE
  2926 | D:4      | 2926 ||| STAIRDANCE
  2930 | D:4      | 2930 ||| STAIRDANCE
  2934 | D:4      | 2934 ||| STAIRDANCE
  2938 | D:4      | 2938 ||| STAIRDANCE
  2942 | D:4      | 2942 ||| STAIRDANCE
  2946 | D:4      | 2946 ||| STAIRDANCE
  2950 | D:4      | 2950 ||| STAIRDANCE
  2954 | D:4      | 2954 ||| STAIRDANCE
  2958 | D:4      | 2958 ||| STAIRDANCE
  2962 | D:4      | 2962 ||| STAIRDANCE
  2966 | D:4      | 2966 ||| STAIRDANCE
  2970 | D:4      | 2970 ||| STAIRDANCE
  2974 | D:4      | 2974 ||| STAIRDANCE
  2978 | D:4      | 2978 ||| STAIRDANCE
  2982 | D:4      | 2982 ||| STAIRDANCE
  2986 | D:4      | 2986 ||| STAIRDANCE
  2997 | D:3      | Found a shadowy altar of Dithmenos.
  3032 | D:4      | 3032 ||| INVOKING Spit Poison.
  3035 | D:4      | 3035 ||| INVOKING Spit Poison.
  3057 | D:4      | 3057 ||| INVOKING Spit Poison.
  3093 | D:4      | 3093 ||| INVOKING Spit Poison.
  3095 | D:4      | 3095 ||| Stepping ~*~*~tactically~*~*~ (outnumbered).
  3096 | D:4      | 3096 ||| Stepping ~*~*~tactically~*~*~ (outnumbered).
  3097 | D:4      | 3097 ||| INVOKING Spit Poison.
  3101 | D:4      | 3101 ||| INVOKING Spit Poison.
  3104 | D:4      | 3104 ||| INVOKING Spit Poison.
  3110 | D:4      | 3110 ||| INVOKING Spit Poison.
  3115 | D:4      | 3115 ||| INVOKING Spit Poison.
  3257 | D:4      | Reached XP level 7. HP: 64/64 MP: 7/7
  3281 | D:4      | 3281 ||| INVOKING Spit Poison.
  3285 | D:4      | 3285 ||| INVOKING Spit Poison.
  3290 | D:4      | 3290 ||| INVOKING Spit Poison.
  3294 | D:4      | 3294 ||| INVOKING Spit Poison.
  3300 | D:4      | 3300 ||| INVOKING Spit Poison.
  3305 | D:4      | 3305 ||| INVOKING Spit Poison.
  3450 | D:4      | 3450 ||| INVOKING Spit Poison.
  3463 | D:4      | 3463 ||| INVOKING Spit Poison.
  3529 | D:4      | 3529 ||| UPGRADING to +2 hat.
  3539 | D:4      | 3539 ||| DROPPING +0 helmet.
  3540 | D:4      | 3540 ||| READING scroll labelled IBARUN ORHANWI.
  3541 | D:4      | 3541 ||| READING scroll labelled DEPE OFINGECH.
  3546 | D:5      | Entered Level 5 of the Dungeon
  3552 | D:5      | 3552 ||| INVOKING Spit Poison.
  3558 | D:5      | 3558 ||| INVOKING Spit Poison.
  3563 | D:5      | 3563 ||| INVOKING Spit Poison.
  3567 | D:5      | 3567 ||| INVOKING Spit Poison.
  3576 | D:5      | HP: 14/64 [ice beast (4)]
  3576 | D:5      | Slain by an ice beast

Levels and vault maps discovered:
D:1:      evilmike_arrival_hilbert_curve, layout_basic,
          ebering_ecumenical_altar_mist, serial_bayou_pond_c
D:2:      layout_basic, basic_altar, st_stairs_10,
          chequers_serial_rivers_small_3, minmay_between,
          uniq_crazy_yiuf_cottage
D:3:      layout_loops_ring, nicolae_overflow_hidden_temple, uniq_natasha,
          uniq_robin
D:4:      layout_rooms
D:5:      layout_cave_pools, nicolae_wu_jian_immortal_techniques,
          minmay_temple_entry_offerings, lightli_church_of_beogh

Skill      XL: |  1  2  3  4  5  6 |
---------------+-------------------+-----
Ranged Weapons | 4 5 6 |  6.9
Fighting       | 3 4 |  4.2
Dodging        | |  1.5
Stealth        | |  1.5

Action                     |  1- 3 |  4- 6 |  7- 9 || total
---------------------------+-------+-------+-------++-------
   Fire: Shortbow          |    69 |   162 |    43 ||   274
Ability: Spit Poison       |    28 |    41 |    12 ||    81
    Use: Scroll            |     1 |     5 |     2 ||     8
         Potion            |     1 |     2 |       ||     3
 Armour: Leather armour    |    12 |    34 |    25 ||    71
  Dodge: Dodged            |    17 |    41 |    24 ||    82

Table legend:
 A = Non-vault XP
 B = Vault XP
 C = Vault XP percentage of total XP
 D = Non-vault monster count
 E = Vault monster count
 F = Vault count percentage of total count
                 A         B        C        D         E       F
            +---------+---------+-------+---------+---------+-------
      Total |     658 |     101 |  13.3 |      86 |      22 |  20.4
            +---------+---------+-------+---------+---------+-------
        D:1 |      47 |       0 |   0.0 |      25 |       0 |   0.0
        D:2 |      36 |      31 |  46.3 |      19 |      10 |  34.5
        D:3 |     371 |      70 |  15.9 |      21 |      12 |  36.4
        D:4 |     166 |       0 |   0.0 |      19 |       0 |   0.0
        D:5 |      38 |       0 |   0.0 |       2 |       0 |   0.0
            +---------+---------+-------+---------+---------+-------
